 Dungeon Crawl Stone Soup version 0.27.1 (webtiles) character file.

Game seed: 8080616623004074843

1451 ABBCCCDDDD the Ruffian (level 8, 0/54 (56) HPs)
             Began as an Octopode Abyssal Knight on Sept 2, 2021.
             Was a Priest of Lugonu.
             Slain by a steam dragon (10 damage)
             ... on level 6 of the Dungeon.
             The game lasted 00:19:56 (9844 turns).

ABBCCCDDDD the Ruffian (Octopode Abyssal Knight)    Turns: 9844, Time: 00:19:57

HP:   0/54 (56)     AC:  3    Str: 12    XL:     8   Next: 75%
MP:   11/11         EV: 13    Int: 16    God:    Lugonu [***...]
Gold: 369           SH:  9    Dex: 11    Spells: 11/11 levels left

rFire    . . .     SeeInvis .     - Unarmed
rCold    . . .     Faith    .   a - +0 buckler
rNeg     . . .     Spirit   .   u - +2 hat
rPois    .         Reflect  +   l - amulet of reflection
rElec    .         Harm     .   w - ring of flight
rCorr    .         Rampage  .   (no ring)
Will     .....                  (no ring)
Stlth    ++........             (no ring)
HPRegen  0.18/turn              (no ring)
MPRegen  0.12/turn              (no ring)
                                (no ring)
                                (no ring)

@: flying, lightly drained
A: almost no armour, amphibious, 8 rings, camouflage 1, gelatinous body 1,
(nimble swimmer 1), tentacles
a: Renounce Religion, Depart the Abyss, Bend Space, Banish


You were on level 6 of the Dungeon.
You worshipped Lugonu.
Lugonu was most pleased with you.
You visited 1 branch of the dungeon, and saw 7 of its levels.
You visited the Abyss 1 time.

You collected 369 gold pieces.

Inventory:

Hand Weapons
 j - a +0 hunting sling
Missiles
 d - 62 stones
 f - 30 poisoned darts (quivered)
 x - 2 boomerangs
Armour
 a - a +0 buckler (worn)
 u - a +2 hat (worn)
Jewellery
 l - an amulet of reflection (around mantle)
 s - a ring of fire
 w - a ring of flight (left tentacle)
Wands
 c - a wand of polymorph (11)
 k - a wand of flame (18)
Scrolls
 e - a scroll of enchant weapon
 g - 2 scrolls of teleportation
 i - 3 scrolls of amnesia
 n - a scroll of holy word
 p - a scroll of brand weapon
 q - a scroll of enchant armour
 t - 2 scrolls of silence {unknown}
 v - a scroll of fog
 y - a scroll of identify
Potions
 b - 2 potions of brilliance
 h - 3 potions of curing
 m - 2 potions of attraction {unknown}
 o - a potion of cancellation {unknown}
 r - a potion of berserk rage {unknown}
 z - a potion of haste {unknown}
 A - 2 potions of ambrosia {unknown}
 B - 2 potions of magic {unknown}


   Skills:
 + Level 5.5 Fighting
 - Level 2.3 Dodging
 - Level 4.0 Shields
 + Level 7.3 Unarmed Combat
 - Level 2.0 Spellcasting
 - Level 2.0 Invocations
 - Level 4.0 Evocations


You had 11 spell levels left.
You didn't know any spells.
Your spell library contained the following spells:

 Spells                   Type           Power      Damage    Failure   Level
 Gell's Gravitas          Tloc           0%         N/A       52%         3
 Lesser Beckoning         Tloc           0%         N/A       52%         3
 Teleport Other           Tloc           1%         N/A       52%         3


Dungeon Overview and Level Annotations

Branches:
Dungeon (7/15)             Temple (0/1) D:6

Altars:
Cheibriados
Elyvilon
Ru
Wu Jian
Xom
Yredelemnul
The Shining One

Shops:
D:4 =

Annotations:
D:3 Ijyb
D:4 exclusion: downstairs
D:6 1 runed translucent door, Eustachio


Innate Abilities, Weirdness & Mutations

You cannot wear most types of armour.
You are amphibious.
You can wear up to eight rings at the same time.
Your skin changes colour to match your surroundings (Stealth+).
Your rubbery body absorbs attacks. (AC +1, EV +1)
((You are camouflaged near water. (Stealth+)))
You have tentacles for arms and can constrict up to eight enemies at once.


Message History

You barely miss the steam dragon.
The steam dragon is heavily wounded.
You are engulfed in a cloud of scalding steam.
You bludgeon the steam dragon!
The steam dragon is severely wounded.
You are engulfed in a cloud of scalding steam.
The steam dragon closely misses you. The steam dragon claws you.
You tentacle-slap the steam dragon but do no damage.
You squeeze the steam dragon.
The steam dragon is severely wounded.
You block the steam dragon's attack. The steam dragon completely misses you.
You closely miss the steam dragon.
The steam dragon is severely wounded.
The steam dragon barely misses you. You block the steam dragon's attack.
You tentacle-slap the steam dragon but do no damage.
Your squeeze misses the steam dragon.
The steam dragon is severely wounded.
The steam dragon barely misses you. You block the steam dragon's attack.
You barely miss the steam dragon.
The steam dragon is severely wounded.
You block the steam dragon's attack. The steam dragon claws you.
You closely miss the steam dragon.
The steam dragon is severely wounded.
You block the steam dragon's attack. The steam dragon misses you.
You completely miss the steam dragon.
The steam dragon is severely wounded.
The steam dragon breathes steam at you. The ball of steam hits you!
* * * LOW HITPOINT WARNING * * *
The steam dragon bites you.
* * * LOW HITPOINT WARNING * * *
You block the steam dragon's attack.
You tentacle-slap the steam dragon. Your squeeze misses the steam dragon.
The steam dragon is almost dead.
You barely miss the steam dragon.
The steam dragon is almost dead.
You are engulfed in a cloud of scalding steam.
* * * LOW HITPOINT WARNING * * *
The steam dragon bites you!
You die...

.............#..#.......# #..##.
.....#..####.###'###'###+###..##.
.....#..# ##...#.§...D...#....##)
## #..# #....#.§#####.##....'.. .
#.#..# ##....§§....#.##....##. .
.#..####.#.#§§#####.##....##. .
.............# #.......'.. .
###..####.##...# #D##....... #
#....# #.##.@D# #.##....###
#....####......#####.###..## #
###....'........>...........#
#......####.###.###..#.#..###
#......# #.# #.###..#...## #+
##......# #.###...D......# +.
..##....# #.(............## #.#
..##....# #.###..8.8.8....### #.
..##....# #.# #...⌠.⌠........ #.


You could see a steam dragon (catching breath).

Levels and vault maps discovered:
D:1:      psy_arrival_conway, layout_basic
D:2:      layout_basic, uniq_robin
D:3:      layout_loops_ring, amcnicky_altar_gilded, minitemple,
          hellmonk_ecumenical_altar_crossroads, chequers_hall_statues_y,
          uniq_ijyb
D:4:      layout_rooms, mainiacjoe_overflow_catwalk, serial_shops,
          nicolae_shop_waterfront, nrook_loot_triangle
D:5:      layout_loops_cross, nicolae_overflow_hidden_temple
D:6:      layout_basic, dk_yredelemnul_ordeal, nemelex_dance_club_becter,
          mainiacjoe_overflow_24_doors, minmay_temple_entry_statues_fountains,
          uniq_eustachio
D:7:      minmay_the_grid_plus [minmay_the_grid_broken_lines,
          minmay_the_grid_zigzag_pyramid, minmay_the_grid_tree,
          minmay_the_grid_spin_star, minmay_the_grid_prize_diamond_cup],
          layout_basic, lemuel_mausoleum_altar_kikubaaqudgha, minivault_27,
          abandoned_shop

Notes
Turn   | Place    | Note
-------+----------+-------------------------------------------
     0 | Abyss:1  | ABBCCCDDDD the Octopode Abyssal Knight began the quest for
                  | the Orb.
     0 | Abyss:1  | Reached XP level 1. HP: 16/16 MP: 2/2
    36 | Abyss:1  | Found a sacrificial altar of Ru.
    76 | Abyss:2  | Noticed an efreet
    92 | Abyss:2  | Noticed a small abomination
    96 | Abyss:2  | Noticed a large abomination
   128 | Abyss:2  | Noticed a starcursed mass
   128 | Abyss:2  | Noticed a large abomination
   129 | D:1      | Escaped the Abyss
   201 | D:1      | Reached * piety under Lugonu
   202 | D:1      | Reached XP level 2. HP: 21/21 MP: 3/3
   247 | D:1      | Reached skill level 3 in Unarmed Combat
   660 | D:1      | Reached XP level 3. HP: 23/26 MP: 4/4
  1357 | D:2      | Reached skill level 1 in Shields
  1857 | D:2      | Noticed Robin
  2112 | D:2      | Reached XP level 4. HP: 24/31 MP: 5/5
  2521 | D:2      | Reached skill level 1 in Evocations
  3034 | D:2      | Reached skill level 4 in Unarmed Combat
  3329 | D:2      | Reached XP level 5. HP: 35/36 MP: 6/6
  3361 | D:3      | Reached ** piety under Lugonu
  3755 | D:3      | Found an ornate altar of the Wu Jian Council.
  4121 | D:3      | Found a faded altar of an unknown god.
  4640 | D:3      | Found a snail-covered altar of Cheibriados.
  4654 | D:3      | Found a shimmering altar of Xom.
  4719 | D:3      | Noticed Ijyb
  4754 | D:4      | Reached XP level 6. HP: 24/42 MP: 7/7
  5059 | D:4      | Found Yrrecl Ossoo's Jewellery Shop.
  5171 | D:4      | Found a sacrificial altar of Ru.
  5758 | D:5      | Entered Level 5 of the Dungeon
  5761 | D:5      | Noticed a sky beast
  5768 | D:5      | Noticed a hornet
  6048 | D:5      | Reached skill level 5 in Unarmed Combat
  6060 | D:5      | Reached XP level 7. HP: 24/46 MP: 8/8
  6272 | D:5      | Found a white marble altar of Elyvilon.
  6930 | D:6      | Found a glowing golden altar of the Shining One.
  6944 | D:6      | Noticed a yak
  6944 | D:6      | Noticed a yak
  6954 | D:6      | Reached *** piety under Lugonu
  7057 | D:6      | Noticed a human
  7059 | D:6      | Found a runed translucent door.
  7065 | D:6      | Found a basalt altar of Yredelemnul.
  7173 | D:6      | Noticed a steam dragon
  7185 | D:6      | Found a staircase to the Ecumenical Temple.
  7194 | D:6      | Noticed Eustachio
  7316 | D:6      | Noticed a steam dragon
  7353 | D:6      | Reached skill level 1 in Spellcasting
  7571 | D:7      | Reached skill level 6 in Unarmed Combat
  7751 | D:2      | Killed Robin
  8280 | D:6      | Noticed a yak
  8334 | D:6      | Reached XP level 8. HP: 42/54 MP: 10/10
  9215 | D:6      | Reached skill level 5 in Fighting
  9366 | D:6      | Reached skill level 7 in Unarmed Combat
  9844 | D:6      | Slain by a steam dragon

Table legend: (Time is in decaauts)
 A = Elapsed time spent in this place.
 B = Non-inter-level travel time spent in this place.
 C = Inter-level travel time spent in this place.
 D = Time resting spent in this place.
 E = Time spent auto-exploring this place.
 F = Levels seen in this place.
 G = Mean time per level.
                   A        B        C        D        E       F      G
               +--------+--------+--------+--------+--------+-----+--------+
         Total |   9841 |   9430 |    411 |   4094 |   3032 |   9 | 1093.4 |
       Dungeon |   9712 |   9301 |    411 |   4094 |   2959 |   7 | 1387.4 |
         Abyss |    128 |    128 |      0 |      0 |     73 |   2 |   64.0 |
               +--------+--------+--------+--------+--------+-----+--------+

Top non-repeatable levels by time:
     D:2: 2208 daAuts
     D:6: 1890 daAuts
     D:5: 1874 daAuts
     D:3: 1589 daAuts
     D:1: 1201 daAuts
     D:4: 878 daAuts
     D:7: 70 daAuts
 Abyss:1: 67 daAuts
 Abyss:2: 61 daAuts

Table legend:
 A = Kills in this place as a percentage of kills in entire the game.
 B = Kills by you in this place as a percentage of kills by you in the entire game.
 C = Kills by friends in this place as a percentage of kills by friends in the entire game.
 D = Other kills in this place as a percentage of other kills in the entire game.
 E = Experience gained in this place as a percentage of experience gained in the entire game.
 F = Experience gained in this place divided by the number of levels of this place that you have seen.
                   A       B       C       D       E      F
               +-------+-------+-------+-------+-------+----------------------
         Total | 100.0 | 100.0 |   N/A |   N/A | 100.0 | 230.3
       Dungeon | 100.0 | 100.0 |   N/A |   N/A | 100.0 | 296.1
               +-------+-------+-------+-------+-------+----------------------

Action                   |  1- 3 |  4- 6 |  7- 9 || total
-------------------------+-------+-------+-------++-------
Melee: Unarmed           |    91 |   176 |   151 ||   418
       Tentacles         |    18 |    27 |    31 ||    76
       Constrict         |    19 |    44 |    25 ||    88
       Punch             |     1 |     5 |     7 ||    13
Throw: Dart              |       |    14 |     8 ||    22
       Stone             |       |     1 |       ||     1
Invok: Depart the Abyss  |     1 |       |       ||     1
Evoke: Wand              |       |     2 |     3 ||     5
  Use: Scroll            |     2 |     5 |     3 ||    10
       Potion            |       |       |     1 ||     1
 Stab: Sleeping          |     8 |     4 |       ||    12
Armor: Skin              |     5 |     6 |    22 ||    33
Dodge: Dodged            |    46 |    64 |    65 ||   175
Block: Buckler           |     5 |    61 |    80 ||   146
       Reflection        |       |     1 |     1 ||     2

Vanquished Creatures
  A steam dragon (D:6)
  A sky beast (D:5)
  2 centaurs
  A bullfrog (D:6)
  A wyvern zombie (D:6)
  A water moccasin skeleton (D:5)
  A wight (D:5)
  A howler monkey (D:6)
  2 centaur zombies
  3 hounds
  A centaur skeleton (D:7)
  4 orc priests
  A bullfrog skeleton (D:6)
  A human skeleton (D:6)
  8 orc wizards
  Robin (D:2)
  2 gnolls (D:3)
  12 adders
  A shadow imp (D:6)
  A white imp (D:6)
  A worm (D:2)
  2 dart slugs
  18 orcs
  4 bats
  9 endoplasms
  2 giant cockroaches
  14 goblins
  14 hobgoblins
  3 jackals (D:1)
  6 quokkas
  6 ball pythons
  3 frilled lizards
  A goblin skeleton (D:6)
  5 kobolds
  9 rats
143 creatures vanquished.
